 Dungeon Crawl Stone Soup version 0.29.1-1-gd02db6906a (webtiles) character file.

Game seed: 659124276109567462

2041 FastidiousMonk the Chopper (level 9, 0/74 HPs)
             Began as a Gnoll Berserker on Oct 5, 2022.
             Was a Priest of Trog.
             Slain by Dowan
             ... wielding a +0 dagger
              (5 damage)
             ... on level 6 of the Dungeon.
             The game lasted 00:43:29 (8518 turns).

FastidiousMonk the Chopper (Gnoll Berserker)        Turns: 8518, Time: 00:43:30

Health: 0/74       AC: 11    Str: 24    XL:     9   Next: 24%
Magic:  15/15      EV: 11    Int:  7    God:    Trog [***...]
Gold:   258        SH:  0    Dex: 14    Spells: 16/16 levels left

rFire   . . .      SeeInvis .   a - +2 quarterstaff (chaos)
rCold   . . .      Faith    +   (shield currently unavailable)
rNeg    . . .      Spirit   .   c - +0 chain mail
rPois   .          Reflect  .   (no helmet)
rElec   .          Harm     .   I - +0 cloak
rCorr   +          Rampage  .   (no gloves)
Will    ++...                   (no boots)
Stlth   ..........              D - amulet of faith
HPRegen 1.22/turn               H - +6 ring of strength
MPRegen 0.14/turn               K - ring of resist corrosion

@: strong-willed, regenerating
A: fangs 1, strong nose, distributed training
a: Renounce Religion, Berserk, Trog's Hand


You were on level 6 of the Dungeon.
You worshipped Trog.
Trog was most pleased with you.
You visited 2 branches of the dungeon, and saw 7 of its levels.

You collected 258 gold pieces.

Inventory:

Hand Weapons
 a - a +2 quarterstaff of chaos (weapon)
 b - a +0 sling
 m - a +2 vorpal shortbow
 s - a +2 rapier of draining
Missiles
 h - 6 silver javelins (quivered)
 q - a throwing net
 u - 14 poisoned darts
 x - 4 javelins
 y - 50 stones
 J - a curare-tipped dart
Armour
 c - a +0 chain mail (worn)
 I - a +0 cloak (worn)
Jewellery
 B - a ring of flight
 D - an amulet of faith (around neck)
 H - a +6 ring of strength (left hand)
 K - a ring of resist corrosion (right hand)
Wands
 C - a wand of flame (7)
 F - a wand of polymorph (14)
Scrolls
 e - 3 scrolls of identify
 g - 2 scrolls of butterflies
 j - 2 scrolls of enchant weapon {unknown}
 k - 2 scrolls of magic mapping
 l - 2 scrolls of noise {unknown}
 o - a scroll of poison {unknown}
 r - 4 scrolls of teleportation
 t - 2 scrolls of enchant armour {unknown}
 w - 4 scrolls of fear
 z - a scroll of blinking {unknown}
 A - 2 scrolls of amnesia {unknown}
 E - a scroll of silence {unknown}
 L - 2 scrolls of vulnerability {unknown}
Potions
 d - 4 potions of haste
 f - 2 potions of mutation
 i - 3 potions of curing {unknown}
 n - a potion of attraction
 p - a potion of might
 v - 4 potions of heal wounds
 G - a potion of lignification {unknown}


   Skills:
 + Level 7.9 Fighting
 + Level 4.2 Short Blades
 + Level 4.2 Long Blades
 + Level 7.9 Axes
 + Level 4.2 Maces & Flails
 + Level 4.2 Polearms
 + Level 4.2 Staves
 + Level 4.2 Ranged Weapons
 + Level 4.2 Throwing
 + Level 6.3 Armour
 + Level 6.3 Dodging
 + Level 4.2 Stealth
 + Level 4.2 Shields
 + Level 4.2 Unarmed Combat
 + Level 4.2 Spellcasting
 + Level 3.4 Conjurations
 + Level 3.4 Hexes
 + Level 3.4 Summonings
 + Level 3.4 Necromancy
 + Level 3.4 Translocations
 + Level 3.4 Transmutations
 + Level 3.4 Fire Magic
 + Level 3.4 Ice Magic
 + Level 3.4 Air Magic
 + Level 3.4 Earth Magic
 + Level 3.4 Poison Magic
 + Level 4.6 Invocations
 + Level 4.2 Evocations


You had 16 spell levels left.
You didn't know any spells.
Your spell library contained the following spells:

 Spells                   Type           Power      Damage    Failure   Level
 Freeze                   Ice            24%        1d5       43%         1
 Shock                    Conj/Air       24%        1d4       43%         1
 Ensorcelled Hibernation  Hex/Ice        12%        N/A       56%         2
 Passwall                 Tmut/Erth      5%         N/A       56%         2
 Frozen Ramparts          Ice            12%        1d2       80%         3
 Ozocubu's Armour         Ice            6%         N/A       80%         3
 Swiftness                Air            6%         N/A       80%         3
 Hailstorm                Conj/Ice       6%         3d4       99%         4
 Fireball                 Conj/Fire      3%         3d4       100%        5
 Metabolic Englaciation   Hex/Ice        3%         N/A       100%        5
 Simulacrum               Ice/Necr       3%         N/A       100%        6
 Starburst                Conj/Fire      3%         6d3       100%        6
 Ignition                 Fire           3%         3d4       100%        8


Dungeon Overview and Level Annotations

Branches:
Dungeon (6/15)             Temple (1/1) D:5

Altars:
Ashenzari
Cheibriados
Elyvilon
Fedhas
Gozag
Hepliaklqana
Kikubaaqudgha
Makhleb
Nemelex Xobeh
Okawaru
Qazlal
Sif Muna
Trog
Uskayaw
Wu Jian
Xom
Zin
The Shining One

Shops:
D:1 (:   D:3 *

Annotations:
D:1 Shop(Invo/EvoManuals))
D:3 Shop(potion/scroll)Altars-WuJianCouncil, D:4 RunedDoor,Altars-Hepliaklqana,Trog,Xom,Kikubaaqudgha
D:5 EcumenicalTemple,Altars-NemelexXobeh, D:6 Altars-Uskayaw,, Dowan
Abyss:1 Sigmund


Innate Abilities, Weirdness & Mutations

You have very sharp teeth.
Your uncanny sense of smell can sniff out nearby items.
Your experience applies equally to all skills.


Message History

There is an open door here.
You open the door.
There is an open door here.
There is an open door here.
There is an open door here.
Dowan, Brother of Duvessa comes into view.
He is wielding a +0 dagger.
Found 8 stones.
Dowan shouts!
Dowan seems to find hidden reserves of power!
Dowan closely misses you.
You sock Dowan! You burn Dowan.
Dowan is heavily wounded.
Dowan drinks a potion.
Dowan's spells are empowered!
Dowan gestures at you while chanting. The stone arrow hits you!
You closely miss Dowan.
Dowan is heavily wounded.
Dowan hits you but does no damage.
Dowan breathes, "And she was my only..."
Dowan hits you with a +0 dagger.
You barely miss Dowan.
Dowan is heavily wounded.
Dowan misses you. Dowan hits you but does no damage.
You miss Dowan.
Dowan is heavily wounded.
Dowan closely misses you.
You hit Dowan. You burn Dowan.
Dowan is severely wounded.
Dowan casts a spell at you. The shard of ice hits you!!
Dowan completely misses you.
You closely miss Dowan.
Dowan is severely wounded.
Dowan barely misses you.
Your skin crawls.
You feel strong-willed.
Dowan points at you and mumbles some strange words.
The shard of ice hits you!!
* * * LOW HITPOINT WARNING * * *
Dowan hits you with a +0 dagger.
You die...

#...... ...# #...... ...# #.#####
...# #.##### ## #..#
#######.##... .......
...####..###.......##...
........#...........#.......##.._
........#....(.e....#.......##...
........# #@...#.......##...
.......########....#....########
#.....#.....##....#....#..#####
#.....#...........#....'.......
#.....'...........#....#.......
###.....#############....####+###
#................................
#................................
#................................


You could see Dowan (fast, empowered).

Vanquished Creatures
  Duvessa (D:6)
  2 ice beasts
  An ogre (D:5)
  A centaur (D:5)
  A phantom (D:6)
  3 kobold brigands
  Blork the orc (D:4)
  3 necrophages
  A bullfrog (D:6)
  2 scorpions
  An orc priest (D:5)
  Crazy Yiuf (D:4)
  4 hounds
  Terence (D:3)
  5 iguanas
  3 orc wizards (D:5)
  10 gnolls
  A river rat (D:5)
  5 adders
  An ufetubus (D:6)
  A worm (D:2)
  7 orcs
  4 bats
  6 endoplasms
  5 giant cockroaches
  8 goblins
  8 hobgoblins
  3 jackals
  2 quokkas (D:2)
  3 ball pythons
  2 frilled lizards (D:2)
  20 kobolds
  10 rats
127 creatures vanquished.

Notes
Turn   | Place    | Note
-------+----------+-------------------------------------------
     0 | D:1      | FastidiousMonk the Gnoll Berserker began the quest for the
                  | Orb.
     0 | D:1      | Reached XP level 1. HP: 23/23 MP: 1/1
   204 | D:1      | Reached XP level 2. HP: 29/29 MP: 2/2
   438 | D:1      | Found Koimen's Vocational Training.
   676 | D:1      | Found Uwuxapses's Weapon Boutique.
   688 | D:1      | Found a faded altar of an unknown god.
   725 | D:1      | Got Plato's Dissertation on the Sky
   965 | D:2      | Reached XP level 3. HP: 35/35 MP: 3/3
  1080 | D:2      | Reached skill level 1 in Invocations
  1083 | D:2      | Reached ** piety under Trog
  1161 | D:2      | Reached skill level 1 in Short Blades
  1161 | D:2      | Reached skill level 1 in Long Blades
  1161 | D:2      | Reached skill level 1 in Maces & Flails
  1161 | D:2      | Reached skill level 1 in Polearms
  1161 | D:2      | Reached skill level 1 in Staves
  1161 | D:2      | Reached skill level 1 in Ranged Weapons
  1161 | D:2      | Reached skill level 1 in Throwing
  1161 | D:2      | Reached skill level 1 in Stealth
  1161 | D:2      | Reached skill level 1 in Shields
  1161 | D:2      | Reached skill level 1 in Unarmed Combat
  1161 | D:2      | Reached skill level 1 in Spellcasting
  1161 | D:2      | Reached skill level 1 in Evocations
  1246 | D:2      | Reached XP level 4. HP: 27/41 MP: 5/5
  1367 | D:2      | Reached skill level 1 in Conjurations
  1367 | D:2      | Reached skill level 1 in Hexes
  1367 | D:2      | Reached skill level 1 in Summonings
  1367 | D:2      | Reached skill level 1 in Necromancy
  1367 | D:2      | Reached skill level 1 in Translocations
  1367 | D:2      | Reached skill level 1 in Transmutations
  1367 | D:2      | Reached skill level 1 in Fire Magic
  1367 | D:2      | Reached skill level 1 in Ice Magic
  1367 | D:2      | Reached skill level 1 in Air Magic
  1367 | D:2      | Reached skill level 1 in Earth Magic
  1367 | D:2      | Reached skill level 1 in Poison Magic
  2372 | D:3      | Found Erio's Assorted Antiques.
  2467 | D:3      | Found an ornate altar of the Wu Jian Council.
  2555 | D:3      | Noticed Terence
  2568 | D:3      | Killed Terence
  2569 | D:3      | Reached XP level 5. HP: 47/47 MP: 5/7
  3217 | D:4      | Noticed Blork the orc
  3352 | D:4      | Killed Blork the orc
  3565 | D:4      | Found a runed translucent door.
  3566 | D:4      | Noticed Crazy Yiuf
  3628 | D:4      | Found an ancient bone altar of Kikubaaqudgha.
  3775 | D:4      | Found a shimmering altar of Xom.
  3802 | D:4      | Reached skill level 5 in Armour
  3802 | D:4      | Reached skill level 5 in Dodging
  3802 | D:4      | Reached XP level 6. HP: 53/53 MP: 8/8
  3983 | D:4      | Found a hazy altar of Hepliaklqana.
  4004 | D:4      | Found a bloodstained altar of Trog.
  4243 | D:4      | Killed Crazy Yiuf
  4442 | D:5      | Entered Level 5 of the Dungeon
  4581 | D:5      | Reached XP level 7. HP: 60/60 MP: 10/10
  5134 | D:5      | Reached XP level 8. HP: 40/67 MP: 12/12
  5433 | D:5      | Found a sparkling altar of Nemelex Xobeh.
  5492 | D:5      | Found a staircase to the Ecumenical Temple.
  6661 | Temple   | Entered the Ecumenical Temple
  7239 | D:6      | Reached *** piety under Trog
  7367 | D:6      | Found a hide-covered altar of Uskayaw.
  8105 | D:6      | Reached XP level 9. HP: 73/73 MP: 14/14
  8148 | D:6      | Noticed Sigmund
  8183 | D:6      | Banished Sigmund
  8205 | D:6      | Noticed Duvessa
  8217 | D:6      | Killed Duvessa
  8510 | D:6      | Noticed Dowan
  8518 | D:6      | Slain by Dowan

Illustrated notes

Levels and vault maps discovered:
D:1:      eino_arrival_water_star, layout_basic, serial_shops,
          nicolae_shop_temple_entry_statues_fountains,
          shapermc_ecumenical_altar_rom_forum, minivault_11,
          nicolae_shop_vocational
D:2:      layout_rooms, minmay_misc_feat_iff, minmay_hexomino_u4
D:3:      layout_loops_cross, pdpol_wu_jian_five_deadly_venoms, serial_shops,
          nicolae_shop_behind_doors, uniq_terence
D:4:      wander_river, layout_loops_cross, nicolae_overflow_quartered_altars,
          uniq_blork_the_orc, uniq_crazy_yiuf_cottage
D:5:      cheibrodos_thug_alley, layout_gridville, mainiacjoe_overflow_chevrons,
          minmay_temple_entry_statues_pillars, lightli_sewer_entry_pipes
D:6:      layout_gridville, nicolae_uskayaw_dance_studio, uniq_duvessa,
          uniq_edmund, uniq_sigmund
Temple:   minmay_temple_curvy_loop

Skill      XL: |  1  2  3  4  5  6  7  8  9 |
---------------+----------------------------+-----
Invocations    | 1 2 3 4 |  4.6
Short Blades   | 1 2 3 4 |  4.2
Long Blades    | 1 2 3 4 |  4.2
Maces & Flails | 1 2 3 4 |  4.2
Polearms       | 1 2 3 4 |  4.2
Staves         | 1 2 3 4 |  4.2
Ranged Weapons | 1 2 3 4 |  4.2
Throwing       | 1 2 3 4 |  4.2
Stealth        | 1 2 3 4 |  4.2
Shields        | 1 2 3 4 |  4.2
Unarmed Combat | 1 2 3 4 |  4.2
Spellcasting   | 1 2 3 4 |  4.2
Evocations     | 1 2 3 4 |  4.2
Conjurations   | 1 2 3 |  3.4
Hexes          | 1 2 3 |  3.4
Summonings     | 1 2 3 |  3.4
Necromancy     | 1 2 3 |  3.4
Translocations | 1 2 3 |  3.4
Transmutations | 1 2 3 |  3.4
Fire Magic     | 1 2 3 |  3.4
Ice Magic      | 1 2 3 |  3.4
Air Magic      | 1 2 3 |  3.4
Earth Magic    | 1 2 3 |  3.4
Poison Magic   | 1 2 3 |  3.4
Armour         | 5 6 |  6.3
Dodging        | 5 6 |  6.3
Fighting       | 7 |  7.9
Axes           | 7 |  7.9

Action                   |  1- 3 |  4- 6 |  7- 9 || total
-------------------------+-------+-------+-------++-------
Melee: Hand axe          |   123 |   145 |       ||   268
       Bite              |    11 |    19 |    21 ||    51
       Punch             |       |     3 |       ||     3
       Quarterstaff      |       |    10 |   209 ||   219
Invok: Berserk           |       |     7 |     8 ||    15
       Trog's Hand       |       |     1 |     1 ||     2
  Use: Scroll            |       |     4 |     4 ||     8
 Stab: Paralysed         |       |       |     1 ||     1
Armor: Chain mail        |    51 |    49 |   109 ||   209
Dodge: Dodged            |    41 |    45 |    67 ||   153
